 Dungeon Crawl Stone Soup version 0.26.0-10-g1f06aea511 (webtiles) character file.

Game seed: 13509513095331287429

165 trckry the Insei (level 5, -2/40 HPs)
             Began as a Draconian Transmuter on Jan 13, 2021.
             Slain by an orc
             ... wielding a cursed +0 club
              (6 damage)
             ... on level 3 of the Dungeon.
             The game lasted 00:04:08 (2866 turns).

trckry the Insei (Draconian Transmuter)             Turns: 2866, Time: 00:04:08

Health: -2/40      AC:  5    Str: 11 (12) XL:     5   Next: 22%
Magic:  7/8        EV: 12    Int: 13 (14) God:
Gold:   130        SH:  0    Dex: 11 (12) Spells: 7/8 levels left

rFire    . . .     SeeInvis .     - Unarmed
rCold    . . .     Faith    .   (no shield)
rNeg     . . .     Spirit   .   (armour unavailable)
rPois    .         Reflect  .   (helmet currently unavailable)
rElec    .         Harm     .   (no cloak)
rCorr    .         Rampage  .   (no gloves)
Will     .....                  (boots currently unavailable)
Stlth    +.........             (no amulet)
HPRegen  0.13/turn              (no ring)
MPRegen  0.11/turn              (no ring)

@: lethally poisoned (-2 -> -3), appendages
A: unfitting armour, horns 2, talons 2, cold-blooded, AC +5
a: End Transformation


You were on level 3 of the Dungeon.
You had grown temporary horns.
You had grown temporary talons.
You visited 1 branch of the dungeon, and saw 3 of its levels.

You collected 130 gold pieces.

Inventory:

Scrolls
 a - a scroll of enchant weapon {unknown}
 c - a scroll of immolation {unknown}
 f - 2 scrolls of identify {unknown}
 g - a scroll of remove curse {unknown}
 i - a scroll of enchant armour {unknown}
 k - a scroll of teleportation {unknown}
Potions
 b - a potion of lignification {unknown}
 d - 2 potions of curing
 h - a potion of invisibility
 j - a potion of might


   Skills:
 - Level 1.1 Fighting
 - Level 1.7 Dodging
 * Level 4.7 Unarmed Combat
 - Level 2.0 Spellcasting
 * Level 4.1 Transmutations


You had 7 spell levels left.
You knew the following spells:

 Your Spells              Type           Power        Failure   Level
a - Beastly Appendage     Tmut           24%          4%          1

Your spell library contained the following spells:

 Spells                   Type           Power        Failure   Level
 Wereblood                Tmut           12%          7%          2
 Spider Form              Tmut/Pois      3%           32%         3
 Ice Form                 Ice/Tmut       6%           73%         4
 Blade Hands              Tmut           6%           78%         5


Dungeon Overview and Level Annotations

Branches:
Dungeon (3/15)

Altars:
Trog
Xom


Innate Abilities, Weirdness & Mutations

Your plain brown scales are hard. (AC +5)
You cannot fit into any form of body armour.
You are cold-blooded and may be slowed by cold attacks.
You have a pair of horns on your head.
You have razor-sharp toenails.


Message History

The orc is heavily wounded.
The orc barely misses you. The orc misses you.
You closely miss the orc. You claw the orc.
You kill the orc!
The orc hits you but does no damage.
You feel sick.
You see here a +0 flail.
You barely miss the orc. You claw the orc.
The orc is almost dead.
Your horns disappear.
Your talons disappear.
The orc hits you with a +0 trident!
* * * LOW HITPOINT WARNING * * *
You punch the orc!
You kill the orc!
You hit the orc but do no damage. The orc completely misses you.
Casting: Beastly Appendage (safe; 4% risk of failure)
Confirm with . or Enter, or press ? or * to list all spells.
You grow a pair of large bovine horns.
Your feet morph into talons.
You feel sick. The orc hits you with a cursed +0 club.
You die...

## # ..## . #..##.#
##...#. ..... #.# ...
#.# #o# #.# #@# #.#
#)# #.## ##'## # #..##
##...## # #...#
##.....## #
####..#####.......##
###....<.............#
...............>.....+
###.#...###..........#


You could see an orc.

Vanquished Creatures
  An orc wizard (D:3)
  Terence (D:3)
  6 adders
  2 worms (D:2)
  A leopard gecko (D:1)
  7 orcs (D:3)
  5 giant cockroaches
  5 goblins
  5 hobgoblins
  2 jackals (D:2)
  A quokka (D:3)
  A ball python (D:2)
  3 bats
  2 kobolds (D:2)
  5 rats
47 creatures vanquished.

Notes
Turn   | Place    | Note
-------+----------+-------------------------------------------
     0 | D:1      | trckry the Draconian Transmuter began the quest for the
                  | Orb.
     0 | D:1      | Reached XP level 1. HP: 16/16 MP: 3/3
   413 | D:1      | Reached XP level 2. HP: 13/23 MP: 3/5
  1112 | D:2      | Reached XP level 3. HP: 18/28 MP: 4/6
  1800 | D:2      | Reached XP level 4. HP: 35/35 MP: 5/7
  1942 | D:2      | Found a shimmering altar of Xom.
  2257 | D:2      | Found a bloodstained altar of Trog.
  2497 | D:3      | Noticed Terence
  2713 | D:3      | Killed Terence
  2858 | D:3      | Reached XP level 5. HP: 29/40 MP: 8/8
  2863 | D:3      | HP: 4/40 [orc/+0 trident (9)]
  2866 | D:3      | Slain by an orc

Illustrated notes

Levels and vault maps discovered:
D:1:      amcnicky_arrival_single_pillar, layout_basic, nrook_loot_triangle
D:2:      layout_loops_ring, nicolae_overflow_hidden_temple,
          kennysheep_minor_cross, minmay_tall_x
D:3:      layout_loops_corners, marbit_many_paths, uniq_terence, uniq_ijyb

Skill      XL: |  1  2  3  4 |
---------------+-------------+-----
Transmutations | 3 4 |  4.1
Unarmed Combat | 4 |  4.7
Fighting       | |  1.1
Dodging        | |  1.7
Spellcasting   | |  2.0

Action                   |  1- 3 |  4- 6 || total
-------------------------+-------+-------++-------
Melee: Unarmed           |    83 |    75 ||   158
       Kick              |    16 |    13 ||    29
       Tailslap          |     9 |     7 ||    16
       Punch             |     2 |     1 ||     3
       Headbutt          |     6 |     8 ||    14
 Cast: Beastly Appendage |    15 |     9 ||    24
  Use: Potion            |       |     5 ||     5
 Stab: Sleeping          |     1 |       ||     1
Armor: Skin              |    19 |    18 ||    37
Dodge: Dodged            |    43 |    38 ||    81
